Map: Dasan Station LE

Players

DJteaCosy

  • Race: Zerg Zerg
  • League: Platinum

Gracz - Winner!

  • Race: Protoss Protoss
  • League: Silver

VOD

Have the link to the VOD?

Description

Time

  • Played on: Oct. 13, 2016, 12:39 p.m.
  • Length: 12:45
Show
View Real Time Build Order
Export as new Build Order

DJteaCosy Zerg 

Build Orders: Pool First, Lurkers 

Get SALT Encoding   

  12  0:03  Drone  
  13  0:19  Overlord, Drone  
  14  0:38  Drone x2  
  16  0:48  Drone  
  17  0:56  Spawning Pool  
  16  0:57  Overlord  
  16  1:04  Drone  
  17  1:12  Extractor  
  17  1:18  Drone  
  17  1:30  Hatchery  
  17  1:31  Drone  
  17  1:37  Drone  
  18  1:45  Drone  
  19  1:56  Drone  
  19  1:59  Queen  
  19  2:00  Evolution Chamber  
  21  2:14  Metabolic Boost  
  21  2:24  Drone  
  22  2:31  Extractor  
  22  2:32  Drone  
  22  2:43  Queen  
  24  2:47  Hatchery  
  24  2:49  Drone  
  24  2:50  Drone  
  25  2:55  Drone  
  26  3:01  Drone  
  27  3:09  Drone x3  
  30  3:18  Drone  
  31  3:20  Overlord  
  31  3:27  Lair  
  31  3:38  Zerg Melee Weapons Level 1  
  31  3:42  Queen  
  33  3:50  Drone x2  
  35  4:02  Drone  
  36  4:06  Drone x4  
  36  4:07  Drone  
  36  4:08  Drone x3  
  44  4:27  Queen  
  46  4:32  Drone x3  
  46  4:33  Hydralisk Den, Queen  
  46  4:34  Overlord  
  50  4:56  Drone x2  
  50  4:57  Overlord x2  
  50  4:58  Overlord  
  52  5:04  Muscular Augments  
  52  5:06  Evolution Chamber  
  51  5:08  Pneumatized Carapace  
  51  5:13  Drone  
  52  5:16  Drone x3  
  52  5:18  Extractor  
  52  5:19  Extractor  
  53  5:38  Overlord x4  
  53  5:40  Drone x2  
  55  5:44  Drone x2  
  55  5:45  Hatchery  
  55  5:47  Zerg Ground Armor Level 1, Zerg Missile Weapons Level 1  
  55  5:49  Drone  
  58  5:50  Drone x2  
  58  5:53  Drone  
  58  5:54  Drone x3  
  63  6:15  Overseer  
  63  6:27  Drone x4  
  63  6:28  Hydralisk x9  
  63  6:32  Zergling x4  
  87  6:44  Lurker Den  
  86  6:49  Overlord x2  
  86  6:50  Zergling x2  
  87  6:57  Zergling x4  
  87  6:58  Zergling x2, Hydralisk x3  
  87  7:01  Overlord x2  
  96  7:06  Drone x3  
  96  7:07  Drone x3  
  96  7:08  Extractor  
  101  7:10  Extractor  
  100  7:22  Queen  
  101  7:53  Zerg Ground Armor Level 2, Zerg Missile Weapons Level 2  
  101  7:55  Infestation Pit  
  101  7:58  Hydralisk x4  
  108  8:34  Hatchery  
  107  8:38  Hydralisk  
  107  8:39  Hydralisk x6  
  107  8:40  Hydralisk x2  
  125  8:42  Zergling x20  
  125  8:43  Overlord x2  
  125  8:44  Overlord x4  
  135  8:58  Overlord x3  
  135  9:08  Drone x3  
  139  9:17  Lurker x4  
  142  9:42  Hydralisk x2  
  142  9:43  Hydralisk x4  
  154  9:47  Zergling x10  
  154  9:48  Zergling x22  
  170  9:53  Lurker x3  
  173  10:01  Hydralisk  
  173  10:02  Hydralisk x2  
  179  10:16  Zergling x22  
  153  11:12  Hydralisk  
Show
View Real Time Build Order
Export as new Build Order

Gracz Protoss - Winner!

Build Orders: Blink Stalkers 

Get SALT Encoding   

  12  0:01  Probe (Chrono Boost)  
  13  0:20  Pylon  
  13  0:40  Probe (Chrono Boost)  
  14  0:44  Assimilator  
  14  0:50  Probe (Chrono Boost)  
  15  1:01  Probe (Chrono Boost)  
  16  1:11  Probe (Chrono Boost)  
  17  1:22  Gateway  
  17  1:23  Nexus  
  17  1:40  Gateway  
  17  1:43  Probe (Chrono Boost)  
  18  1:58  Pylon  
  18  2:02  Pylon  
  18  2:04  Probe (Chrono Boost)  
  18  2:08  Assimilator  
  19  2:14  Probe (Chrono Boost)  
  20  2:21  Cybernetics Core  
  20  2:41  Gateway  
  20  2:44  Gateway  
  20  2:46  Warp Gate  
  20  2:48  Probe x2 (Chrono Boost)  
  22  3:10  Probe x2 (Chrono Boost)  
  24  3:19  Twilight Council  
  24  3:20  Probe (Chrono Boost)  
  24  3:22  Probe (Chrono Boost)  
  26  3:27  Forge  
  26  3:32  Probe (Chrono Boost)  
  28  3:34  Probe (Chrono Boost)  
  28  3:55  Robotics Facility  
  28  3:58  Robotics Facility, Blink  
  29  4:04  Probe (Chrono Boost)  
  29  4:13  Protoss Ground Weapons Level 1  
  29  4:17  Probe (Chrono Boost)  
  31  4:18  Probe (Chrono Boost)  
  31  4:27  Probe (Chrono Boost)  
  31  4:30  Probe (Chrono Boost)  
  33  4:36  Gateway  
  33  4:38  Gateway  
  33  4:40  Immortal  
  39  5:00  Probe (Chrono Boost)  
  39  5:01  Pylon, Probe (Chrono Boost)  
  39  5:03  Assimilator  
  39  5:05  Pylon  
  39  5:08  Assimilator  
  39  5:10  Probe (Chrono Boost)  
  39  5:13  Probe (Chrono Boost)  
  41  5:20  Immortal  
  47  5:21  Mothership Core (Chrono Boost)  
  47  5:25  Probe (Chrono Boost)  
  48  5:37  Probe (Chrono Boost)  
  49  5:45  Stalker x2  
  49  5:46  Stalker x2  
  49  5:48  Stalker  
  59  5:54  Stalker  
  61  5:58  Immortal  
  65  6:18  Stalker  
  65  6:19  Stalker  
  69  6:27  Pylon  
  69  6:29  Probe (Chrono Boost)  
  69  6:30  Pylon  
  70  6:45  Probe (Chrono Boost)  
  70  6:46  Probe (Chrono Boost)  
  72  6:57  Stalker  
  72  6:58  Stalker x4  
  72  7:00  Stalker  
  84  7:07  Observer  
  85  7:21  Pylon  
  85  7:24  Pylon  
  85  7:27  Templar Archives  
  85  7:29  Probe (Chrono Boost)  
  86  7:38  Immortal  
  86  7:39  Probe (Chrono Boost)  
  86  7:41  Probe (Chrono Boost)  
  92  7:44  Stalker  
  92  7:45  Stalker x2  
  92  7:46  Stalker x2  
  102  8:05  Psionic Storm  
  102  8:12  Pylon  
  102  8:16  Pylon  
  102  8:31  Stalker x2  
  106  8:34  Nexus  
  106  8:38  Pylon  
  106  8:43  Pylon  
  106  8:46  Pylon  
  106  8:50  Pylon  
  106  9:25  Probe (Chrono Boost)  
  106  9:26  Stalker, Probe (Chrono Boost)  
  106  9:27  Stalker x2  
  106  9:28  Stalker  
  106  9:29  Stalker x2  
  120  9:36  Probe (Chrono Boost)  
  122  9:39  Probe (Chrono Boost)  
  122  9:59  Probe x2 (Chrono Boost)  
  125  10:00  Probe (Chrono Boost)  
  125  10:04  Stargate  
  125  10:06  Stargate  
  125  10:07  Stargate  
  125  10:08  High Templar  
  125  10:09  High Templar  
  125  10:12  Probe (Chrono Boost), High Templar  
  132  10:26  Assimilator, High Templar  
  134  10:30  Assimilator  
  88  11:16  Stalker x3  
  88  11:17  Stalker  
  94  11:18  Stalker  
  94  11:19  Stalker  
  98  11:38  Fleet Beacon  
  98  11:46  Stalker x2  
  98  11:47  Stalker  
  104  11:48  Stalker x2  
  104  11:53  Immortal  
  70  12:32  Pylon  
Tags
 
Add a new tag
Caveats
  • Supply blocks, unpowered buildings, or Contaminate may cause inaccurate times.
  • Supply counts are checked every 10 seconds.